Map: 柏林加德-天梯版

Players

ShoWTimE

  • Race: Protoss Protoss

TIME (Oliveira) - Winner!

  • Race: Terran Terran

Event: DreamHack SC2 Masters Last Chance 2022

VOD

Have the link to the VOD?

Description

Time

  • Played on: Dec. 19, 2021, 7:27 p.m.
  • Length: 6:14

All games in this series

Show
View Real Time Build Order
Export as new Build Order

ShoWTimE Protoss 

Build Orders: 1 Gate Expand, Oracle Opening 

Get SALT Encoding   

  12  0:00  Probe  
  13  0:12  Probe  
  14  0:17  Pylon  
  14  0:24  Probe (Chrono Boost)  
  15  0:36  Gateway, Probe (Chrono Boost)  
  16  0:43  Probe (Chrono Boost)  
  16  0:45  Assimilator  
  17  0:51  Probe  
  18  1:03  Probe  
  19  1:15  Probe  
  20  1:24  Nexus  
  20  1:31  Cybernetics Core  
  20  1:34  Probe  
  21  1:40  Assimilator  
  21  1:46  Probe  
  22  1:50  Pylon  
  22  1:58  Probe  
  23  2:05  Adept (Chrono Boost)  
  25  2:10  Probe  
  26  2:17  Stargate  
  27  2:22  Probe  
  27  2:25  Adept (Chrono Boost)  
  29  2:33  Warp Gate  
  29  2:36  Probe (Chrono Boost)  
  31  2:40  Probe (Chrono Boost)  
  31  2:45  Probe (Chrono Boost)  
  31  2:48  Adept  
  31  2:49  Probe (Chrono Boost)  
  31  2:50  Probe (Chrono Boost)  
  36  2:59  Probe  
  36  3:00  Oracle (Chrono Boost)  
  36  3:04  Probe  
  36  3:05  Pylon  
  41  3:11  Probe  
  42  3:16  Probe  
  42  3:18  Adept  
  45  3:23  Probe  
  46  3:28  Gateway, Probe  
  46  3:31  Oracle (Chrono Boost)  
  47  3:35  Probe  
  47  3:39  Pylon  
  47  3:41  Probe  
  52  3:47  Probe  
  53  3:53  Probe  
  54  3:59  Nexus  
  54  4:00  Probe  
  55  4:05  Phoenix, Probe  
  55  4:08  Pylon  
  58  4:13  Assimilator  
  58  4:15  Assimilator, Probe  
  59  4:17  Probe  
  59  4:23  Robotics Facility  
  60  4:27  Probe  
  60  4:29  Probe  
  62  4:36  Twilight Council, Pylon  
  62  4:39  Probe  
  62  4:41  Probe, Pylon  
  62  4:43  Gateway  
  64  4:51  Probe  
  65  4:53  Probe  
  65  4:57  Phoenix  
  68  5:01  Adept x2  
  68  5:06  Shield Battery  
  73  5:10  Immortal (Chrono Boost), Shield Battery  
  76  5:18  Probe x2  
  79  5:24  Phoenix (Chrono Boost)  
  79  5:26  Adept x2  
  84  5:32  Pylon  
  84  5:40  Adept  
  86  5:43  Probe  
  86  5:44  Probe  
  86  5:49  Pylon  
  88  5:52  Adept x2  
  88  5:54  Probe  
  88  5:56  Probe x2  
  81  6:11  Stalker  
Show
View Real Time Build Order
Export as new Build Order

TIME Terran - Winner!

Build Orders:  

Get SALT Encoding   

  12  0:01  SCV  
  13  0:13  SCV  
  14  0:17  Supply Depot  
  14  0:25  SCV  
  15  0:38  SCV  
  15  0:40  Barracks  
  16  0:46  Refinery  
  16  0:51  SCV  
  17  1:03  SCV  
  18  1:15  SCV  
  19  1:28  Marine, Orbital Command  
  20  1:39  Command Center  
  20  1:46  Barracks Reactor  
  20  1:54  SCV  
  21  1:56  Supply Depot  
  21  2:06  SCV  
  22  2:09  Factory  
  22  2:14  Refinery  
  22  2:18  SCV  
  22  2:22  Marine x2  
  23  2:26  Bunker  
  25  2:30  SCV  
  26  2:40  Marine x2  
  26  2:42  SCV  
  29  2:51  Orbital Command  
  29  2:54  SCV  
  29  2:56  Starport  
  30  3:00  Widow Mine  
  30  3:02  Marine  
  33  3:05  Marine  
  33  3:07  SCV  
  35  3:18  SCV  
  35  3:19  Supply Depot, SCV  
  37  3:22  Widow Mine  
  37  3:26  Marine x2  
  41  3:33  Medivac  
  41  3:34  SCV x2  
  45  3:40  Supply Depot  
  45  3:44  Marine  
  45  3:45  Marine  
  45  3:46  SCV  
  45  3:48  SCV, Factory Tech Lab  
  49  3:58  SCV  
  49  4:00  SCV  
  51  4:05  Marine x2  
  51  4:07  Siege Tank, Viking  
  58  4:10  SCV  
  58  4:12  Supply Depot, SCV  
  58  4:13  Supply Depot  
  60  4:26  Marine x2  
  62  4:33  Engineering Bay  
  62  4:34  SCV x2  
  62  4:37  Supply Depot  
  64  4:39  Viking  
  64  4:40  Siege Tank  
  69  4:45  Marine x2  
  69  4:46  SCV x2  
  74  5:00  Missile Turret, SCV x2  
  74  5:01  Missile Turret  
  74  5:02  Supply Depot  
  74  5:03  Marine x2  
  77  5:14  Command Center  
  77  5:21  SCV, Marine x2  
  77  5:25  Siege Tank  
  77  5:26  Liberator  
  77  5:28  SCV, Refinery  
  87  5:29  Refinery  
  87  5:39  Marine  
  87  5:40  Barracks  
  87  5:41  Barracks  
  88  5:47  Missile Turret  
  88  5:50  Bunker  
  88  5:51  SCV  
  88  5:53  SCV  
  90  6:00  Bunker  

Tags
 
Add a new tag
Caveats
  • Supply blocks, unpowered buildings, or Contaminate may cause inaccurate times.
  • Supply counts are checked every 10 seconds.